 Dungeon Crawl Stone Soup version 0.18.1-47-g9310371 (webtiles) character file.

205 Gargoyl the Skirmisher (level 5, -2/42 HPs)
             Began as a Demonspawn Abyssal Knight on June 23, 2016.
             Was a Priest of Lugonu.
             Killed from afar by Blork the orc (4 damage)
             ... with a magic dart
             ... on level 4 of the Dungeon.
             The game lasted 00:06:34 (3375 turns).

Gargoyl the Skirmisher (Demonspawn Abyssal Knight)  Turns: 3375, Time: 00:06:35

Health: -2/42      AC: 16    Str: 14    XL:     5   Next: 52%
Magic:  7/7        EV:  4    Int: 13    God:    Lugonu [***...]
Gold:   155        SH: 12    Dex: 17    Spells: 0 memorised, 4 levels left

rFire  . . .     SeeInvis .     B - +0 war axe
rCold  . . .     Gourm    .     h - +0 plate armour
rNeg   . . .     Faith    +     p - +0 large shield
rPois  .         Spirit   .     r - +0 helmet
rElec  .         Dismiss  .     u - +0 cloak
rCorr  .         Reflect  .     (no gloves)
SustAt .         Harm     .     (no boots)
MR     .....                    q - amulet of faith
Stlth  ..........               (no ring)
                                (no ring)

@: agile, very slightly contaminated, hasted, very quick, not resistant to
hostile enchantments, extremely unstealthy
A: talons 1, yellow scales 2
a: Depart the Abyss, Bend Space, Banish, Renounce Religion


You were on level 4 of the Dungeon.
You worshipped Lugonu.
Lugonu was most pleased with you.
You were not hungry.

You visited 1 branch of the dungeon, and saw 4 of its levels.
You visited the Abyss 1 time.

You collected 155 gold pieces.

Inventory:

Hand Weapons
 a - a +1 hand axe
 B - a +0 war axe (weapon)
Armour
 h - a +0 plate armour (worn)
 p - a +0 large shield (worn)
 r - a +0 helmet (worn)
 u - a +0 cloak (worn)
Jewellery
 q - an amulet of faith (around neck)
Wands
 g - a wand of disintegration (13/24)
 y - a wand of digging (5/24)
Scrolls
 d - 3 scrolls of magic mapping
 f - 9 scrolls of identify
 k - 3 scrolls of remove curse
Potions
 e - a potion of curing
 i - a potion of magic {unknown}
 j - a potion of lignification {unknown}
 o - a potion of might {unknown}
 t - a potion of flight {unknown}
 v - a potion of invisibility {unknown}
 x - a potion of berserk rage {unknown}
Books
 b - a book of Minor Magic

   Spells                             Type                      Level
   a - Magic Dart                     Conjuration                  1
   b - Blink                          Translocation                2
   c - Call Imp                       Summoning                    2
   d - Repel Missiles                 Charms/Air                   2
   e - Slow                           Hexes                        2
   f - Conjure Flame                  Conjuration/Fire             3
   g - Mephitic Cloud                 Conjuration/Poison/Air       3
Comestibles
 c - 3 bread rations
 l - 2 beef jerkies


   Skills:
 + Level 4.0 Fighting
 + Level 2.5 Axes
 * Level 3.6 Armour
 + Level 1.1 Dodging
 + Level 1.5 Shields
 + Level 2.7 Invocations


You had 4 spell levels left.
You didn't know any spells.

Dungeon Overview and Level Annotations

Branches:
Dungeon (4/15)
 Temple: D:4-7

Altars:

Annotations:
D:4 Aksej's ghost, amateur DsGl; Blork the orc


Innate Abilities, Weirdness & Mutations

You have sharp toenails.
You are mostly covered in yellow scales (AC +3).


Message History

Aim: Aksej's ghost (heavily damaged, chance to defeat MR: 73%)
You fail to use your ability.
Aksej's ghost hits you.
* * * LOW HITPOINT WARNING * * *
Drink which item? (? for menu, Esc to quit)
You feel yourself speed up.
Aksej's ghost hits you but does no damage.
You are very lightly contaminated with residual magic.
Blork the orc comes into view.
He is wielding a scimitar of distortion.
Blork the orc shouts!
Blork the orc casts a spell at you. The puff of frost hits you!
* * * LOW HITPOINT WARNING * * *
Found a scroll of remove curse.
You see here a scroll of remove curse.
Blork the orc gestures at you while chanting.
The puff of flame hits you!
Aksej's ghost shouts, "They lied to you.
The Dungeon just goes down and down forever."
Blork the orc points at you and mumbles some strange words.
The magic dart hits you!
You die...

#..(.....#.###
#.##..o####.#
#.###W..# .#
#.......# .#
#####?..#
##.## #.#
######.#
#....@.#
#.######


You could see Blork the orc.

Vanquished Creatures
  Crazy Yiuf (D:2)
  An orc wizard (D:3)
  5 adders
  3 worms
  3 dart slugs
  2 giant geckos
  8 orcs
  4 giant cockroaches
  15 goblins
  15 hobgoblins
  2 jackals (D:2)
  A quokka (D:2)
  2 bats (D:3)
  A giant newt (D:1)
  6 kobolds
  7 rats
76 creatures vanquished.

Notes
Turn   | Place    | Note
--------------------------------------------------------------
     0 | Abyss:1  | Gargoyl the Demonspawn Abyssal Knight began the quest for the Orb.
     0 | Abyss:1  | Reached XP level 1. HP: 18/18 MP: 2/2
    52 | Abyss:1  | Found a corrupted altar of Lugonu.
   270 | D:1      | Escaped the Abyss
   282 | D:1      | Reached * piety under Lugonu
   449 | D:1      | Gained mutation: You are partially covered in yellow scales (AC +2). [demonic ancestry]
   449 | D:1      | Reached XP level 2. HP: 24/24 MP: 3/3
  1269 | D:2      | Gained mutation: You have sharp toenails. [demonic ancestry]
  1269 | D:2      | Reached XP level 3. HP: 23/29 MP: 4/4
  1350 | D:2      | Reached skill level 1 in Dodging
  1462 | D:2      | Reached ** piety under Lugonu
  1647 | D:2      | Gained mutation: You are mostly covered in yellow scales (AC +3). [demonic ancestry]
  1647 | D:2      | Reached XP level 4. HP: 37/37 MP: 6/6
  1948 | D:2      | Noticed Crazy Yiuf
  1962 | D:2      | Killed Crazy Yiuf
  2647 | D:3      | Reached skill level 1 in Shields
  2647 | D:3      | Reached XP level 5. HP: 42/42 MP: 7/7
  2761 | D:3      | Reached *** piety under Lugonu
  2848 | D:3      | Reached skill level 4 in Fighting
  3313 | D:4      | Noticed Aksej's ghost (amateur DsGl)
  3360 | D:4      | HP: 2/42 [Aksej's ghost (5)]
  3362 | D:4      | Noticed Blork the orc
  3375 | D:4      | Killed from afar by Blork the orc

Skill      XL: |  1  2  3  4  5 |
---------------+----------------+-----
Armour         | 2 3 |  3.6
Axes           | 2 |  2.5
Dodging        | 1 |  1.1
Shields        | 1 |  1.5
Fighting       | 4 |  4.0
Invocations    | |  2.7

Action                   |  1- 3 |  4- 6 || total
-------------------------+-------+-------++-------
Melee: Hand axe          |   139 |   176 ||   315
       Kick              |    10 |    56 ||    66
       War axe           |       |    68 ||    68
Invok: Depart the Abyss  |     1 |       ||     1
  Use: Scroll            |     1 |     6 ||     7
       Potion            |       |     4 ||     4
  Eat: Chunk             |     2 |     7 ||     9
Armor: Plate armour      |   121 |   171 ||   292
Dodge: Dodged            |    11 |     3 ||    14
Block: Large shield      |    54 |   157 ||   211
       Shield            |     5 |       ||     5
